 Dungeon Crawl Stone Soup version 0.31-a0-193-gdfe2569204 (webtiles) character file.

Game seed: 2656375716334014741

392 qw the Skirmisher (level 6, -13/35 HPs)
             Began as a Deep Elf Hunter on June 24, 2023.
             Mangled by an ogre
             ... wielding a +0 giant club
              (31 damage)
             ... on level 5 of the Dungeon.
             The game lasted 00:01:09 (2685 turns).

qw the Skirmisher (Deep Elf Hunter)                 Turns: 2685, Time: 00:01:10

Health: -13/35     AC:  9    Str:  8 (10) XL:     6   Next: 51%
Magic:  8/8        EV: 10    Int: 13 (14) God:
Gold:   125        SH:  0    Dex: 16 (18) Spells: 5/5 levels left

rFire   . . .        Y - +2 shortbow
rCold   . . .        (shield currently unavailable)
rNeg    . . .        g - +0 ring mail
rPois   .            j - +2 helmet
rElec   .            (no cloak)
rCorr   .            (no gloves)
SInv    .            i - +0 pair of boots
Will    .....        (no amulet)
Stlth   +            (no ring)
HPRegen 0.25/turn    (no ring)
MPRegen 0.11/turn

%: no passive effects
@: no status effects
A: no striking features
a: no special abilities


You were on level 5 of the Dungeon.
You visited 2 branches of the dungeon, and saw 6 of its levels.

You collected 178 gold pieces.
You spent 53 gold pieces at shops.


   Skills:
 - Level 2.0 Fighting
 + Level 9.9 Ranged Weapons
 - Level 1.0 Armour
 - Level 2.4 Dodging
 - Level 1.2 Stealth


You had 5 spell levels left.
You didn't know any spells.
Your spell library was empty.

Inventory:

Hand Weapons
 Y - a +2 shortbow (weapon)
Armour
 g - a +0 ring mail (worn)
 i - a +0 pair of boots (worn)
 j - a +2 helmet (worn)
Scrolls
 a - a scroll of identify
 e - 2 scrolls of teleportation
Potions
 b - a potion of enlightenment {unknown}
 c - a potion of might

Dungeon Overview and Level Annotations

Branches:
Dungeon (5/15)             Temple (1/1) D:4

Altars:
Cheibriados
Dithmenos
Elyvilon
Fedhas
Gozag
Hepliaklqana
Nemelex Xobeh
Qazlal
Trog
Wu Jian
Xom
Yredelemnul
The Shining One

Shops:
D:2 (**

Annotations:
D:5 Dowan


Message History

You feel strangely unstable.
You feel sick. The scorpion misses you. Dowan hits you but does no damage.
The scorpion closely misses you.
2678 ||| DRINKING potion of heal wounds.
You feel much better.
You feel sick. Dowan closely misses you. The scorpion barely misses you.
You shoot an arrow. The arrow hits the scorpion!
You kill the scorpion!
You feel sick. Dowan closely misses you.
You shoot an arrow.
The arrow hits Dowan but does no damage.
Dowan is heavily wounded.
Your surroundings seem slightly different.
An ogre comes into view. It is wielding a +0 giant club.
Found a chain mail.
You feel sick.
The ogre shouts!
You shoot an arrow. The arrow hits the ogre!
The ogre is moderately wounded.
You feel sick. Dowan gestures at you while chanting.
The puff of frost hits you.
You shoot an arrow. The arrow hits the ogre.
The ogre is heavily wounded.
You feel sick.
You are no longer poisoned.
An ice beast comes into view.
You shoot an arrow. The arrow barely misses the ogre.
The ogre closely misses you.
Dowan points at you and mumbles some strange words.
The puff of flame hits you!
You shoot an arrow. The arrow hits the ogre.
The ogre is heavily wounded.
The ogre misses you.
Dowan mumbles some strange words.
Dowan blinks!
You shoot an arrow. The arrow hits the ogre.
The ogre is severely wounded.
The ogre hits you with a +0 giant club!!
Ouch! That really hurt!
You die...

......
......####..... .
......#........ ..
...e.....<...#
...#####..........##
...................
#.###............
###...............
#....<).ยค.@......#
.[...........O...[..
#............#......
#.##......>.##Y.....
# #.......## .....
#.......# .....
...#....# ....
...###...# ...#


You could see an ice beast, an ogre and Dowan.

Vanquished Creatures
  2 ogres (D:4)
  A scorpion (D:5)
  A howler monkey (D:4)
  An iguana (D:3)
  3 adders (D:4)
  A white imp (D:3)
  3 worms
  A dart slug (D:1)
  2 orcs (D:3)
  7 endoplasms
  7 giant cockroaches
  7 hobgoblins
  A quokka (D:1)
  5 ball pythons
  6 bats
  4 frilled lizards
  16 goblins
  5 kobolds
  4 rats
77 creatures vanquished.

Notes
Turn   | Place    | Note
-------+----------+-------------------------------------------
     0 | D:1      | qw the Deep Elf Hunter began the quest for the Orb.
     0 | D:1      | Reached XP level 1. HP: 12/12 MP: 3/3
     0 | D:1      | 0 ||| qw: Version: 0.3-a-9-g12657ce
     0 | D:1      | 0 ||| qw: Game counter: 4691
     0 | D:1      | 0 ||| qw: Always use a shield: true
     0 | D:1      | 0 ||| qw: God list: Okawaru
     0 | D:1      | 0 ||| qw: Allow faded altars: false
     0 | D:1      | 0 ||| qw: Do Orc after D:15 true
     0 | D:1      | 0 ||| qw: Do second Lair branch before Depths: true
     0 | D:1      | 0 ||| qw: Lair rune preference: random
     0 | D:1      | 0 ||| qw: Plans: Normal
     0 | D:1      | 0 ||| PLANNING D:1-11
    83 | D:1      | Reached XP level 2. HP: 16/16 MP: 4/4
   102 | D:1      | Reached skill level 6 in Ranged Weapons
   225 | D:1      | Found a faded altar of an unknown god.
   471 | D:1      | 471 ||| UPGRADING to +0 scale mail.
   481 | D:1      | 481 ||| DROPPING +0 leather armour.
   482 | D:1      | 482 ||| UPGRADING to +0 pair of boots.
   487 | D:1      | 487 ||| READING 2 scrolls labelled ZAGIATHOMOL.
   488 | D:1      | 488 ||| READING 3 scrolls labelled CISYTR LUALOI.
   489 | D:1      | 489 ||| READING 2 scrolls labelled KAWISUGATZ.
   490 | D:1      | 490 ||| READING scroll labelled HAMAGI GUBBUOF.
   491 | D:1      | 491 ||| DROPPING scroll of butterflies.
   492 | D:1      | 492 ||| DROPPING 2 scrolls of revelation.
   493 | D:1      | 493 ||| DROPPING scroll of immolation.
   551 | D:2      | Reached XP level 3. HP: 20/20 MP: 5/5
   650 | D:2      | Found Civajoump's General Store.
   812 | D:2      | Found Idiliadgh's Assorted Antiques.
   820 | D:2      | 820 ||| BUYING red potion (25 gold).
   820 | D:2      | Bought a red potion for 25 gold pieces
   820 | D:2      | 820 ||| BUYING scroll labelled VOVVOPNIUH (28 gold).
   820 | D:2      | Bought a scroll labelled VOVVOPNIUH for 28 gold pieces
   820 | D:2      | 820 ||| SHOPLISTING tapered lead wand (112 gold, have 25).
   839 | D:2      | Reached skill level 7 in Ranged Weapons
   889 | D:2      | Found Jameakk's Antique Weapon Emporium.
   890 | D:2      | You fall into a shaft and drop 1 floor!
   902 | D:3      | Reached XP level 4. HP: 23/25 MP: 6/6
   926 | D:3      | 926 ||| READING scroll labelled HIFUIKHEFO.
   927 | D:3      | 927 ||| READING scroll labelled VOVVOPNIUH.
   928 | D:3      | 928 ||| READING scroll labelled IGHYTHR AQYD.
   972 | D:3      | 972 ||| READING 2 scrolls of identify.
   972 | D:3      | 972 ||| IDENTIFYING orange potion
  1007 | D:2      | 1007 ||| SHOPLISTING glowing sling (108 gold, have 25).
  1007 | D:2      | 1007 ||| SHOPLISTING jewelled shortbow (192 gold, have 25).
  1292 | D:2      | 1292 ||| READING 3 scrolls of identify.
  1292 | D:2      | 1292 ||| IDENTIFYING red potion
  1293 | D:2      | 1293 ||| READING 2 scrolls of identify.
  1293 | D:2      | 1293 ||| IDENTIFYING purple potion
  1294 | D:2      | 1294 ||| DROPPING potion of ambrosia.
  1498 | D:3      | Found a glowing golden altar of the Shining One.
  1843 | D:3      | 1843 ||| READING 2 scrolls labelled PUIMPANATTO.
  1844 | D:3      | 1844 ||| READING scroll of enchant weapon.
  1844 | D:3      | 1844 ||| ENCHANTING +1 shortbow.
  1845 | D:3      | 1845 ||| READING scroll labelled WECEUL XUUHUCK.
  1849 | D:3      | 1849 ||| READING 2 scrolls of identify.
  1849 | D:3      | 1849 ||| IDENTIFYING bubbling orange potion
  1850 | D:3      | 1850 ||| DROPPING potion of magic.
  1912 | D:4      | Noticed an ogre
  1919 | D:4      | Killed an ogre
  1920 | D:4      | Reached skill level 8 in Ranged Weapons
  1920 | D:4      | Reached XP level 5. HP: 20/29 MP: 7/7
  1936 | D:4      | 1936 ||| FLEEEEING.
  1937 | D:4      | 1937 ||| FLEEEEING.
  1942 | D:4      | 1942 ||| STAIRDANCE
  1965 | D:4      | Found a hazy altar of Hepliaklqana.
  2020 | D:4      | Noticed an ogre
  2030 | D:4      | Killed an ogre
  2031 | D:4      | Reached skill level 9 in Ranged Weapons
  2031 | D:4      | Reached XP level 6. HP: 30/34 MP: 8/8
  2074 | D:4      | Reached skill level 1 in Armour
  2475 | D:4      | Found a staircase to the Ecumenical Temple.
  2476 | D:4      | 2476 ||| PLANNING TEMPLE
  2476 | D:4      | 2476 ||| UPGRADING to +0 ring mail.
  2487 | D:4      | 2487 ||| UPGRADING to +0 ring mail.
  2497 | D:4      | 2497 ||| DROPPING +0 scale mail.
  2498 | D:4      | 2498 ||| UPGRADING to +2 helmet.
  2503 | D:4      | 2503 ||| DRINKING 2 sedimented ruby potions.
  2504 | D:4      | 2504 ||| DROPPING potion of degeneration.
  2511 | Temple   | Entered the Ecumenical Temple
  2523 | Temple   | 2523 ||| PLANNING D:1-11
  2647 | D:4      | 2647 ||| DROPPING amulet of magic regeneration.
  2661 | D:5      | Entered Level 5 of the Dungeon
  2661 | D:5      | Noticed Dowan
  2676 | D:5      | HP: 8/35 [poisoned by a scorpion]
  2676 | D:5      | HP: 3/35 [Dowan/puff of flame (5)]
  2677 | D:5      | 2677 ||| READING 3 scrolls of teleportation.
  2678 | D:5      | 2678 ||| DRINKING potion of heal wounds.
  2682 | D:5      | Noticed an ice beast
  2685 | D:5      | Mangled by an ogre

Levels and vault maps discovered:
D:1:      nzn_arrival_settlement, layout_rooms,
          chequers_ecumenical_altar_simple, serial_park_tiny_1,
          chequers_serial_rivers_room_a
D:2:      layout_basic, serial_shops, nicolae_shop_dealshenge, shop, shop,
          kennysheep_small_spiral, roderic_roman_lattice
D:3:      layout_basic, lemuel_doored_altar, kennysheep_decorative_pillar,
          dk_vineyard_3, minivault_19
D:4:      layout_loops_cross, mainiacjoe_overflow_brackets,
          minmay_temple_entry_nine_rooms, minmay_ogre_servants
D:5:      layout_cave_pools, mainiacjoe_overflow_chevrons, led_sif_book,
          marbit_many_paths, uniq_duvessa
Temple:   minmay_freezing_vapour_temple

Skill      XL: |  1  2  3  4  5  6 |
---------------+-------------------+-----
Ranged Weapons | 6 7 8 9 |  9.9
Armour         | 1 |  1.0
Fighting       | 2 |  2.0
Dodging        | |  2.4
Stealth        | |  1.2

Action                     |  1- 3 |  4- 6 || total
---------------------------+-------+-------++-------
   Fire: Shortbow          |   123 |   112 ||   235
    Use: Scroll            |     4 |    11 ||    15
         Potion            |       |     2 ||     2
 Armour: Leather armour    |     2 |       ||     2
         Scale mail        |     8 |    21 ||    29
         Ring mail         |       |     4 ||     4
  Dodge: Dodged            |    28 |    29 ||    57

Table legend:
 A = Non-vault XP
 B = Vault XP
 C = Vault XP percentage of total XP
 D = Non-vault monster count
 E = Vault monster count
 F = Vault count percentage of total count
                 A         B        C        D         E       F
            +---------+---------+-------+---------+---------+-------
      Total |     424 |     137 |  24.4 |      68 |       9 |  11.7
            +---------+---------+-------+---------+---------+-------
        D:1 |      38 |       0 |   0.0 |      22 |       0 |   0.0
        D:2 |      36 |       0 |   0.0 |      18 |       0 |   0.0
        D:3 |      71 |       0 |   0.0 |      16 |       0 |   0.0
        D:4 |     223 |     137 |  38.1 |      11 |       9 |  45.0
        D:5 |      56 |       0 |   0.0 |       1 |       0 |   0.0
            +---------+---------+-------+---------+---------+-------
